 Dungeon Crawl Stone Soup version 0.27.1-34-g3ba077fa99 (console) character file.

Game seed: 7080501881927622291

56 Vaevictus the Digger (level 3, 0/26 HPs)
             Began as a Demigod Earth Elementalist on Jan 13, 2022.
             Slain by a goblin (3 damage)
             ... led by Robin
             ... on level 3 of the Dungeon.
             The game lasted 00:08:15 (1801 turns).

Vaevictus the Digger (Demigod Earth Elementalist)   Turns: 1801, Time: 00:08:15

Health: 0/26       AC:  2    Str:  9    XL:     3   Next: 48%
Magic:  1/8        EV: 12    Int: 21    God:
Gold:   101        SH:  0    Dex: 14    Spells: 5/6 levels left

rFire    . . .     SeeInvis .   e - +0 rapier
rCold    . . .     Faith    .   (no shield)
rNeg     . . .     Spirit   .   b - +0 robe
rPois    .         Reflect  .   (no helmet)
rElec    .         Harm     .   (no cloak)
rCorr    .         Rampage  .   (no gloves)
Will     .....                  (no boots)
Stlth    ++........             (no amulet)
HPRegen  0.08/turn              (no ring)
MPRegen  0.11/turn              (no ring)

@: flying
A: high mp 1, forlorn
a: no special abilities


You were on level 3 of the Dungeon.
You visited 1 branch of the dungeon, and saw 3 of its levels.

You collected 101 gold pieces.

Inventory:

Hand Weapons
 d - a +0 dagger
 e - a +0 rapier (weapon)
 j - a +0 whip
Missiles
 c - 4 stones
 h - 4 boomerangs
Armour
 b - a +0 robe (worn)
 i - a +0 ring mail


   Skills:
 + Level 0.6 Short Blades
 + Level 2.1 Dodging
 + Level 2.2 Stealth
 + Level 2.2 Spellcasting
 + Level 1.1 Transmutations
 + Level 3.3 Earth Magic


You had 5 spell levels left.
You knew the following spells:

 Your Spells              Type           Power      Damage    Failure   Level
a - Sandblast             Erth           32%        2d9       3%          1

Your spell library contained the following spells:

 Spells                   Type           Power      Damage    Failure   Level
 Passwall                 Tmut/Erth      9%         N/A       9%          2
 Stone Arrow              Conj/Erth      18%        3d8       22%         3
 Petrify                  Tmut/Erth      11%        N/A       50%         4


Dungeon Overview and Level Annotations

Branches:
Dungeon (2/15)

Annotations:
D:3 Robin


Innate Abilities, Weirdness & Mutations

Your attributes grow dramatically as you level up.
You have an increased reservoir of magic. (+10% MP)
You shall have no god before yourself.


Message History

Unknown command.
You barely miss the goblin.
The goblin hits you with a +0 dagger of protection.
Robin hits you with a +0 club.
* * * LOW HITPOINT WARNING * * *
Sorry, you're not good enough to have a special ability.
Unknown command.
Unknown command.
You feel better. The goblin closely misses you. Robin hits you with a +0 club.
It was a potion of flight.
You feel very buoyant.
You fly up into the air.
The goblin hits you with a +0 dagger of protection.
Casting: Sandblast (safe; 3% risk of failure)
Confirm with . or Enter, or press ? or * to list all spells.
Aiming: Sandblast (safe; 3% risk of failure)
Press: ? - help, Shift-Dir - straight line, f - goblin
Aim: a goblin, wielding a +0 dagger of protection and quivering stones (strong, 74% to hit)
The blast of sand hits the goblin.
The goblin is severely wounded.
The goblin hits you but does no damage. Robin barely misses you.
You hit the goblin but do no damage.
The goblin is severely wounded.
The goblin hits you with a +0 dagger of protection.
* * * LOW HITPOINT WARNING * * *
Robin closely misses you.
The goblin hits you with a +0 dagger of protection.
* * * LOW HITPOINT WARNING * * *
You closely miss the goblin.
The goblin is severely wounded.
The goblin no longer looks unusually strong. x2
Robin completely misses you. The goblin hits you but does no damage.
Robin closely misses you.
You closely miss the goblin.
The goblin is severely wounded.
The goblin hits you but does no damage.
You closely miss the goblin.
The goblin is severely wounded.
The goblin hits you with a +0 dagger of protection.
You die...

... #.# #.# ###
#.# .... #.#
.....##.#####
#<.........#
$..####g###.#
#@# #.# #g# #†#
#g# #.# #g#
#.####.# #.#
#...l..#
...........#...
####.#####J#
#.# .# .# #


You could see Robin and 3 goblins.

Vanquished Creatures
  An adder (D:2)
  A dart slug (D:3)
  3 ball pythons
  7 endoplasms
  3 giant cockroaches
  7 goblins
  5 hobgoblins
  2 kobolds
  2 quokkas
  3 bats (D:1)
  3 frilled lizards
  3 rats (D:1)
40 creatures vanquished.

Vanquished Creatures (others)
  A fungus (D:1)
1 creature vanquished.

Grand Total: 41 creatures vanquished

Notes
Turn   | Place    | Note
-------+----------+-------------------------------------------
     0 | D:1      | Vaevictus the Demigod Earth Elementalist began the quest
                  | for the Orb.
     0 | D:1      | Reached XP level 1. HP: 14/14 MP: 5/5
    71 | D:1      | Reached skill level 1 in Transmutations
   149 | D:1      | Reached skill level 3 in Earth Magic
   324 | D:1      | Reached XP level 2. HP: 15/20 MP: 7/7
   421 | D:1      | Found Baatadeq's Magic Scroll Emporium.
  1428 | D:2      | Reached XP level 3. HP: 26/26 MP: 8/8
  1660 | D:2      | You fall into a shaft and drop 1 floor!
  1777 | D:3      | Noticed Robin
  1801 | D:3      | Slain by a goblin

Illustrated notes

Levels and vault maps discovered:
D:1:      scummos_arrival_checkerplants, layout_loops_ring, serial_shops,
          shop_statue, shapermc_ecumenical_altar_mp_highgroup
D:2:      layout_rooms, serial_shops, nicolae_shop_behind_doors, serial_rivers,
          chequers_serial_rivers_small_a, chequers_serial_rivers_room_b,
          chequers_serial_rivers_room_a, chequers_serial_rivers_room_b,
          chequers_serial_rivers_micro_d, chequers_serial_rivers_large_a
D:3:      layout_basic, uniq_robin, uniq_ijyb, uniq_sigmund

Skill      XL: |  1  2 |
---------------+-------+-----
Transmutations | 1 |  1.1
Earth Magic    | 3 |  3.3
Spellcasting   | 2 |  2.2
Stealth        | 2 |  2.2
Dodging        | 2 |  2.1
Short Blades   | |  0.6

Action                   || total
-------------------------++-------
Melee: Rapier            ||    96
       Unarmed           ||     2
 Cast: Sandblast         ||    26
  Use: Scroll            ||     3
       Potion            ||     3
 Stab: Sleeping          ||     2
Armor: Robe              ||    23
Dodge: Dodged            ||    82
